[Event "Emanuel Lasker Open 2017"]
[Site "Gorzow"]
[Date "2017.06.14"]
[Round "3"]
[White "Sabuk, Piotr"]
[Black "Kubicka, Anna"]
[Result "1-0"]
[ECO "E90"]
[WhiteElo "2368"]
[BlackElo "2168"]
[Annotator "ChessBase"]
[PlyCount "51"]
[EventDate "2017.??.??"]
[EventType "swiss"]
[EventCountry "POL"]
[SourceTitle "playchess.com"]
[Source "ChessBase"]
[SourceQuality "1"]
[TimeControl "40/5400+30:1800+30"]

1. d4 Nf6 2. c4 g6 3. Nc3 Bg7 4. e4 d6 5. Nf3 O-O 6. h3 Na6 7. Be3 e5 8. d5 Nh5 9. g3 Qe8 10. Be2 f5 11. exf5 gxf5 12. Nh4 Nf6 13. Qc2 Nc5 14. O-O-O c6 15. g4 cxd5 16. cxd5 Nce4 17. Nxe4 Nxe4 18. Kb1 Qd8 19. Nxf5 Bxf5 20. gxf5 Qh4 21. Bb5 Rxf5 22. Rhg1 Rg5 23. Bxg5 Nxg5 24. Rg4 Qh5 25. Rdg1 h6 26. h4 1-0

[Event "Emanuel Lasker Open 2017"]
[Site "Gorzow"]
[Date "2017.06.14"]
[Round "3"]
[White "Aliavdin, Nikolai"]
[Black "Dzhuguryan, Tygran"]
[Result "1/2-1/2"]
[ECO "B12"]
[WhiteElo "2351"]
[BlackElo "2167"]
[Annotator "ChessBase"]
[PlyCount "118"]
[EventDate "2017.??.??"]
[EventType "swiss"]
[EventCountry "POL"]
[SourceTitle "playchess.com"]
[Source "ChessBase"]
[SourceQuality "1"]
[TimeControl "40/5400+30:1800+30"]

1. e4 c6 2. d4 d5 3. Nd2 g6 4. Ngf3 Bg7 5. Bd3 Nd7 6. Qe2 Nh6 7. O-O O-O 8. h3 c5 9. dxc5 Nxc5 10. exd5 Qxd5 11. Bc4 Qd6 12. Nb3 Nf5 13. Rd1 Qc7 14. c3 Ne6 15. Bd3 Nf4 16. Bxf4 Qxf4 17. Bxf5 Bxf5 18. Nbd4 Be4 19. g3 Bxf3 20. Nxf3 Qc7 21. Rd3 Rfd8 22. Rad1 Rxd3 23. Qxd3 Bf6 24. Nh2 Rc8 25. Ng4 Bg7 26. Qb5 a6 27. Qd7 h5 28. Ne3 e6 29. h4 Bf8 30. Ng2 b5 31. a3 Qxd7 32. Rxd7 Bh6 33. Ne3 Rc6 34. Kf1 Bxe3 35. fxe3 Rc4 36. Ra7 Ra4 37. Ke2 Kg7 38. Kf3 Kf6 39. e4 Ke5 40. Rxf7 Rxe4 41. Rg7 Rg4 42. b3 Kf6 43. Ra7 g5 44. Rxa6 gxh4 45. gxh4 Rxh4 46. Rb6 Rh3+ 47. Kg2 Rxc3 48. Rxb5 Ke7 49. a4 Kd6 50. a5 Kc6 51. Rb6+ Kc7 52. b4 Rc4 53. Kg3 e5 54. b5 Ra4 55. Rc6+ Kd7 56. a6 Ra5 57. Rb6 Kc7 58. Rb7+ Kc8 59. Kh4 e4 1/2-1/2

[Event "Emanuel Lasker Open 2017"]
[Site "Gorzow"]
[Date "2017.06.14"]
[Round "3"]
[White "Bartnicki, Pawel"]
[Black "Michalski, Filip"]
[Result "1-0"]
[ECO "D66"]
[WhiteElo "2078"]
[BlackElo "2028"]
[Annotator "NA"]
[PlyCount "51"]
[EventDate "2017.??.??"]
[EventType "swiss"]
[EventCountry "POL"]
[SourceTitle "playchess.com"]
[Source "ChessBase"]
[SourceQuality "1"]
[TimeControl "40/5400+30:1800+30"]

1. d4 Nf6 2. c4 e6 3. Nf3 d5 4. Nc3 Be7 5. Bg5 c6 6. e3 O-O 7. Rc1 Nbd7 8. Bd3 dxc4 9. Bxc4 b5 10. Bd3 a6 11. O-O (11. Bxf6 $5 Nxf6 12. O-O $11) 11... c5 12. Bb1 {[%emt 0:27:07] D66: Queen's Gambit Declined: Classical: Main Line (7 Rc1 c6 8 Bd3)} (12. Bxf6 $5 gxf6 13. Be4 $14) (12. a4 bxa4 13. Qxa4 Bb7 14. Bb1 Bxf3 15. gxf3 cxd4 16. Qxd4 Qa5 17. Bxf6 Nxf6 18. Qh4 h6 19. Kh1 Rfd8 20. Rg1 {0-1 (31) Ovod,E (2380)-Morovic Fernandez,I (2550) Moscow 2017}) 12... c4 13. e4 $146 ({Predecessor:} 13. Ne2 Bb7 14. Ng3 Nd5 15. Bxe7 Nxe7 16. Qe2 Ng6 17. Rfd1 Rc8 18. Nd2 Qe7 {½-½ (44) Kozubal,A (1688)-Burdzy,J (1730) Szklarska Poreba 2016}) 13... Bb7 14. e5 Nd5 15. Qc2 g6 16. Bh6 Re8 17. Ne4 N7b6 18. Qe2 Bf8 19. Bxf8 Rxf8 20. h4 h5 21. Nfg5 Kg7 22. Nd6 $16 Bc8 23. g4 hxg4 24. Qxg4 Ne7 25. h5 Nf5 26. Ngxf7 1-0

[Event "Emanuel Lasker Open 2017"]
[Site "Gorzow"]
[Date "2017.06.14"]
[Round "3"]
[White "Rudecki, Bartosz"]
[Black "Lukasiewicz, Krzysztof"]
[Result "0-1"]
[ECO "B12"]
[WhiteElo "2007"]
[BlackElo "2098"]
[Annotator "NA RC"]
[PlyCount "44"]
[EventDate "2017.??.??"]
[EventType "swiss"]
[EventCountry "POL"]
[SourceTitle "playchess.com"]
[Source "ChessBase"]
[SourceQuality "1"]
[TimeControl "40/5400+30:1800+30"]

1. e4 c6 2. d4 d5 3. f3 dxe4 4. fxe4 e5 5. Nf3 exd4 6. Bc4 Nf6 7. O-O {[%emt 0:00:20] B12: Caro-Kann: Advance Variation} Nbd7 8. Ng5 (8. Bg5 Qb6 9. Nbd2 Bb4 10. e5 Nd5 11. Ne4 h6 12. a3 Bf8 13. Qe1 Nc5 14. Nd6+ Bxd6 15. exd6+ {0-1 (25) Kapnisis,S (2514)-Istratescu,A (2610) Peristeri 2010}) 8... Ne5 9. Nxf7 Nxf7 10. Bxf7+ Kxf7 11. e5 {[%emt 0:00:08] [#]} Qd5 $1 $146 ({Predecessor:} 11... Be7 12. exf6 Bxf6 13. Bg5 Be6 14. Bxf6 gxf6 {½-½ (67) Topczewski,D (2221)-Pinkerton,J (2058) Torino 2011}) 12. exf6 gxf6 13. Nd2 Rg8 14. Nf3 (14. Qf3 $17 {is the only way for White.} Qxf3 15. Nxf3) 14... Bh3 15. Rf2 Bc5 16. Qd3 (16. Ng5+ {was worth a try.} Rxg5 17. Bxg5) 16... Bg4 $2 (16... Bf5 $19 17. Ne5+ Ke8 18. Qxf5 d3) 17. Bd2 Rae8 18. Raf1 $2 (18. Re1 $17) 18... Bf5 19. c4 $2 (19. Qb3 Qxb3 20. cxb3) 19... Bxd3 20. cxd5 Bxf1 21. Rxf1 cxd5 22. b4 Bb6 $19 0-1